[Event "RUS-chT Blitz Men 2018"]
[Site "Sochi"]
[Date "2018.10.10"]
[Round "2"]
[White "Tekeyev, Zaur"]
[Black "Belyakov, Bogdan"]
[Result "0-1"]
[ECO "C50"]
[WhiteElo "2392"]
[BlackElo "2458"]
[Annotator "RC"]
[PlyCount "98"]
[EventDate "2018.10.10"]
[EventType "swiss"]
[EventCountry "RUS"]
[SourceTitle "playchess.com"]
[Source "ChessBase"]
[SourceQuality "1"]
[TimeControl "180+2"]

1. e4 e5 2. Nf3 Nc6 3. Bc4 Nf6 4. d3 Bc5 5. O-O O-O 6. Bg5 h6 7. Bh4 Be7 8. Bg3 d6 9. a4 Nh5 10. Nxe5 Nxg3 11. Nxc6 bxc6 12. hxg3 d5 13. Bb3 Bf6 14. c3 Rb8 15. Nd2 Be6 16. exd5 cxd5 17. d4 Qd6 18. Rb1 c5 19. dxc5 Qxc5 20. Bc2 Rfd8 21. Nb3 Qc4 22. Nd2 Qc5 23. Qf3 Rb6 24. Rfc1 Kf8 25. Nf1 Rdb8 26. Bf5 Rxb2 27. Rxb2 Rxb2 28. Ne3 Bxf5 29. Nxf5 Rb8 30. Rd1 Qxc3 31. Qxd5 Kg8 32. Qe4 Qe5 33. Qg4 Kh8 34. Ne3 Qe6 35. Qf4 Re8 36. Rd6 Qe5 37. Rxf6 Qxf6 38. Qc4 a6 39. Qc2 Rd8 40. Qb1 Qd4 41. Qa2 Qd7 42. Qc4 a5 43. Qf4 Rc8 44. Nf5 Qe6 45. Kh2 Qf6 46. Qg4 Rd8 47. f3 Qg6 48. Qh3 Rd5 49. Ne3 Rh5 0-1

[Event "RUS-chT Blitz Men 2018"]
[Site "Sochi"]
[Date "2018.10.10"]
[Round "3"]
[White "Ivlev, Aleksey"]
[Black "Vastrukhin, Oleg"]
[Result "0-1"]
[ECO "D08"]
[WhiteElo "2326"]
[BlackElo "2413"]
[Annotator "NA RC"]
[PlyCount "84"]
[EventDate "2018.10.10"]
[EventType "swiss"]
[EventCountry "RUS"]
[SourceTitle "playchess.com"]
[Source "ChessBase"]
[SourceQuality "1"]
[TimeControl "180+2"]

1. d4 d5 2. c4 e5 3. dxe5 d4 4. Nf3 Nc6 5. Nbd2 Bg4 6. h3 Bh5 7. g4 Bg6 8. Bg2 Qe7 9. a3 O-O-O 10. Qa4 Kb8 11. O-O h5 12. g5 h4 13. Rd1 f6 14. exf6 gxf6 15. Nf1 Be4 16. N1h2 fxg5 17. Bxg5 Nf6 18. Kh1 Bg7 19. c5 Qe6 20. b4 Rh5 21. b5 Ne5 22. Rxd4 Rxd4 23. Qxd4 Nxf3 24. Qd8+ Qc8 25. Qxc8+ Kxc8 26. exf3 Bd3 27. f4 Ne4 28. Ra2 Nxg5 29. fxg5 Rxg5 30. b6 axb6 31. cxb6 cxb6 32. Bf3 Rc5 33. Ng4 Bf5 34. Kg2 Rc3 35. a4 Bf8 36. Ne3 Be6 37. Bg4 Bd7 38. Nd5 Rb3 39. Rc2+ Kd8 40. Nf6 Bc6+ 41. Kg1 Rb1+ 42. Kh2 Rh1# 0-1

[Event "RUS-chT Blitz Men 2018"]
[Site "Sochi"]
[Date "2018.10.10"]
[Round "4"]
[White "Vastrukhin, Oleg"]
[Black "Dilmukhametov, Artur"]
[Result "1/2-1/2"]
[ECO "A06"]
[WhiteElo "2413"]
[BlackElo "2353"]
[Annotator "NA RC"]
[PlyCount "77"]
[EventDate "2018.10.10"]
[EventType "swiss"]
[EventCountry "RUS"]
[SourceTitle "playchess.com"]
[Source "ChessBase"]
[SourceQuality "1"]
[TimeControl "180+2"]

1. Nf3 d5 2. g3 c6 3. Bg2 Nf6 4. O-O Bf5 5. c4 Nbd7 6. d4 a6 7. Qb3 Ra7 8. Nc3 e6 9. Bf4 h6 10. h3 Be7 11. Rfc1 O-O 12. a4 Qb6 13. Qxb6 Nxb6 14. c5 Nbd7 15. g4 Bh7 16. b4 Raa8 17. Nd2 Rfe8 18. e3 Bf8 19. Nb3 e5 20. Bg3 Bd3 21. Na5 Ra7 22. Ra3 Ne4 23. Nxd5 cxd5 24. Rxd3 Nxg3 25. fxg3 e4 26. Rb3 Rc8 27. Rbb1 Rc7 28. Bf1 Ra8 29. Ra1 Be7 30. b5 axb5 31. axb5 b6 32. Nc6 Rxa1 33. Nxe7+ Kf8 34. Rxa1 Kxe7 35. c6 Nf6 36. Ra6 Ne8 37. Rxb6 Nd6 38. Ra6 Rc8 39. b6 1/2-1/2

[Event "RUS-chT Blitz Men 2018"]
[Site "Sochi"]
[Date "2018.10.10"]
[Round "4"]
[White "Tereshechkina, Maya"]
[Black "Pervakov, Sergey"]
[Result "0-1"]
[ECO "A41"]
[WhiteElo "2018"]
[BlackElo "2098"]
[Annotator "NA RC"]
[PlyCount "76"]
[EventDate "2018.10.10"]
[EventType "swiss"]
[EventCountry "RUS"]
[SourceTitle "playchess.com"]
[Source "ChessBase"]
[SourceQuality "1"]
[TimeControl "180+2"]

1. d4 d6 2. Nf3 Nf6 3. c4 g6 4. e3 Bg7 5. Be2 O-O 6. O-O c5 7. b3 cxd4 8. exd4 Nbd7 9. Bb2 e6 10. Nc3 a6 11. Qd2 b6 12. d5 e5 13. Ng5 h6 14. Nge4 Nxe4 15. Nxe4 Nc5 16. Nxc5 bxc5 17. b4 cxb4 18. Qxb4 Qc7 19. Ba3 Rd8 20. c5 dxc5 21. Qxc5 Qxc5 22. Bxc5 e4 23. Rad1 Bf5 24. Bc4 Rdc8 25. d6 Rxc5 26. Bd5 Rd8 27. h3 h5 28. Bb3 Be5 29. Rd2 Rxd6 30. Rxd6 Bxd6 31. Rd1 Be5 32. g3 Rc3 33. Rd8+ Kg7 34. Ra8 Bxh3 35. Ra7 Rc7 36. Rxa6 Bg4 37. Kg2 Bf3+ 38. Kh2 Rc1 0-1

[Event "RUS-chT Blitz Men 2018"]
[Site "Sochi"]
[Date "2018.10.10"]
[Round "5"]
[White "Nechaev, Oleg"]
[Black "Tatarintsev, Egor"]
[Result "1-0"]
[ECO "A46"]
[WhiteElo "2400"]
[BlackElo "2086"]
[Annotator "NA RC"]
[PlyCount "119"]
[EventDate "2018.10.10"]
[EventType "swiss"]
[EventCountry "RUS"]
[SourceTitle "playchess.com"]
[Source "ChessBase"]
[SourceQuality "1"]
[TimeControl "180+2"]

1. d4 e6 2. Nf3 Nf6 3. Bg5 b6 4. Nbd2 Bb7 5. e4 h6 6. Bxf6 Qxf6 7. c3 g5 8. Bd3 Nc6 9. Qe2 Be7 10. O-O-O O-O-O 11. Kb1 Qg7 12. Ba6 Nb8 13. Bxb7+ Kxb7 14. Ka1 d6 15. d5 Bf6 16. Nb3 c6 17. Nfd4 c5 18. Nc2 Qf8 19. Ne3 Qe8 20. Qf3 Be5 21. Rhe1 Rf8 22. g3 Qa4 23. Ng4 Nd7 24. Qe3 f5 25. dxe6 fxg4 26. e7 Rfe8 27. exd8=Q Rxd8 28. Rd2 Rf8 29. Qd3 Qc6 30. Qe2 Rf3 31. Red1 Nf6 32. Re1 Nd7 33. Rd5 Nf6 34. Rdd1 Nd7 35. Nd2 Rf7 36. Nc4 Re7 37. Rd2 Nf6 38. Qd3 Kc7 39. f3 gxf3 40. Qxf3 g4 41. Qf5 Qd7 42. Nxe5 Qxf5 43. exf5 Rxe5 44. Rxe5 dxe5 45. Kb1 e4 46. Kc2 Nd7 47. Re2 Ne5 48. Rxe4 Kd6 49. b3 Kd5 50. Rf4 Kd6 51. f6 Ke6 52. f7 Nxf7 53. Rxg4 Ng5 54. h4 Nf3 55. Rg6+ Kf5 56. Rxh6 Kg4 57. Rg6+ Kh5 58. Rg7 a5 59. a4 Ne5 60. Rg5+ 1-0

[Event "RUS-chT Blitz Men 2018"]
[Site "Sochi"]
[Date "2018.10.10"]
[Round "5"]
[White "Gogolev, Artem"]
[Black "Dudin, Gleb"]
[Result "1-0"]
[ECO "A05"]
[WhiteElo "2389"]
[BlackElo "2178"]
[Annotator "NA"]
[PlyCount "57"]
[EventDate "2018.10.10"]
[EventType "swiss"]
[EventCountry "RUS"]
[SourceTitle "playchess.com"]
[Source "ChessBase"]
[SourceQuality "1"]
[TimeControl "180+2"]

1. Nf3 Nf6 2. g3 d5 3. c4 c6 4. Bg2 Bg4 5. O-O e6 6. d3 Nbd7 7. Nc3 Be7 8. Qc2 O-O 9. cxd5 exd5 10. e4 dxe4 11. dxe4 Nc5 12. Rd1 Qc8 13. e5 Nfd7 14. Re1 Re8 15. Nd4 Nf8 16. Be3 Nfe6 17. Nxe6 Nxe6 18. h3 Bh5 19. f4 Bc5 20. g4 Bxe3+ 21. Rxe3 Nxf4 22. gxh5 Qd8 23. Qf2 Qg5 24. Rf1 Nxg2 25. Rg3 Qh6 26. Rxg2 Re7 27. Ne4 Kh8 28. Nd6 Rf8 29. Nf5 1-0

[Event "RUS-chT Blitz Men 2018"]
[Site "Sochi"]
[Date "2018.10.10"]
[Round "5"]
[White "Nuristani, Iman"]
[Black "Sirotin, Pavel"]
[Result "1-0"]
[ECO "D35"]
[WhiteElo "2242"]
[BlackElo "2012"]
[Annotator "NA"]
[PlyCount "75"]
[EventDate "2018.10.10"]
[EventType "swiss"]
[EventCountry "RUS"]
[SourceTitle "playchess.com"]
[Source "ChessBase"]
[SourceQuality "1"]
[TimeControl "180+2"]

1. d4 d5 2. c4 e6 3. Nc3 Nf6 4. cxd5 exd5 5. Bg5 Nbd7 6. e3 c6 7. Qc2 Be7 8. Bd3 Nh5 9. Bxe7 Qxe7 10. Nge2 g6 11. O-O O-O 12. Rae1 Nb6 13. b3 Bg4 14. Ng3 Nxg3 15. hxg3 Rfe8 16. Ne2 Nc8 17. Nf4 Nd6 18. f3 Bf5 19. g4 Bxd3 20. Qxd3 Rad8 21. Qd2 Qg5 22. Nd3 f5 23. Ne5 Nf7 24. f4 Qe7 25. gxf5 gxf5 26. Rf3 Nxe5 27. fxe5 Qe6 28. Qf2 Rf8 29. Rf1 Rd7 30. Rxf5 Rxf5 31. Qxf5 Qxf5 32. Rxf5 Rg7 33. Kf2 Rg4 34. Kf3 Rh4 35. g3 Rh2 36. e6 Rh6 37. e7 Re6 38. Rf8+ 1-0

[Event "RUS-chT Blitz Men 2018"]
[Site "Sochi"]
[Date "2018.10.10"]
[Round "5"]
[White "Pervakov, Sergey"]
[Black "Kurbedinov, Ramis"]
[Result "0-1"]
[ECO "B08"]
[WhiteElo "2098"]
[BlackElo "2305"]
[Annotator "NA"]
[PlyCount "60"]
[EventDate "2018.10.10"]
[EventType "swiss"]
[EventCountry "RUS"]
[SourceTitle "playchess.com"]
[Source "ChessBase"]
[SourceQuality "1"]
[TimeControl "180+2"]

1. e4 g6 2. d4 Bg7 3. Nc3 d6 4. Nf3 Nf6 5. Be2 O-O 6. O-O Bg4 7. h3 Bxf3 8. Bxf3 Nc6 9. d5 Ne5 10. Be2 c6 11. Be3 cxd5 12. exd5 a6 13. Qd2 Rc8 14. Bh6 Nc4 15. Bxc4 Rxc4 16. Bxg7 Kxg7 17. Rfe1 Qc7 18. Rad1 b5 19. Re2 Rc8 20. a3 Qb7 21. Rde1 R8c7 22. Re3 a5 23. b3 R4c5 24. R3e2 b4 25. Ne4 Rxc2 26. Qxc2 Rxc2 27. Rxc2 Nxe4 28. Rxe4 bxa3 29. Re3 a4 30. Ra2 axb3 0-1

[Event "RUS-chT Blitz Men 2018"]
[Site "Sochi"]
[Date "2018.10.10"]
[Round "6"]
[White "Kuzmin, Roman"]
[Black "Linker, Mikhail"]
[Result "0-1"]
[ECO "B76"]
[WhiteElo "1855"]
[BlackElo "2269"]
[Annotator "NA RC"]
[PlyCount "46"]
[EventDate "2018.10.10"]
[EventType "swiss"]
[EventCountry "RUS"]
[SourceTitle "playchess.com"]
[Source "ChessBase"]
[SourceQuality "1"]
[TimeControl "180+2"]

1. e4 c5 2. Nf3 d6 3. d4 cxd4 4. Nxd4 Nf6 5. Nc3 g6 6. Be3 Bg7 7. f3 O-O 8. Qd2 Nc6 9. O-O-O d5 10. exd5 Nxd5 11. Nxc6 bxc6 12. Bd4 Nxc3 13. Qxc3 Bh6+ 14. Kb1 e5 15. Qxc6 Bf5 16. Bd3 Rc8 17. Qa4 Bxd3 18. Rxd3 exd4 19. h4 Bg7 20. h5 Qe8 21. Qa6 Qe2 22. Rc1 Bh6 23. hxg6 hxg6 0-1

[Event "RUS-chT Blitz Men 2018"]
[Site "Sochi"]
[Date "2018.10.10"]
[Round "6"]
[White "Pingin, Artem"]
[Black "Pervakov, Sergey"]
[Result "1/2-1/2"]
[ECO "B03"]
[WhiteElo "1761"]
[BlackElo "2098"]
[Annotator "NA RC"]
[PlyCount "85"]
[EventDate "2018.10.10"]
[EventType "swiss"]
[EventCountry "RUS"]
[SourceTitle "playchess.com"]
[Source "ChessBase"]
[SourceQuality "1"]
[TimeControl "180+2"]

1. e4 Nf6 2. e5 Nd5 3. c4 Nb6 4. d4 d6 5. exd6 cxd6 6. Nf3 g6 7. Nc3 Bg7 8. Be2 O-O 9. O-O Nc6 10. Be3 Bg4 11. b3 Bxf3 12. Bxf3 f5 13. Ne2 e5 14. Bxc6 bxc6 15. dxe5 dxe5 16. Bc5 Qxd1 17. Raxd1 Rfd8 18. Nc3 e4 19. Rxd8+ Rxd8 20. Rd1 Rxd1+ 21. Nxd1 Kf7 22. f3 exf3 23. gxf3 Ke6 24. Kf2 Be5 25. h3 Bd6 26. Be3 f4 27. Bd4 Be5 28. Bc5 Nd7 29. Bxa7 c5 30. a3 Kd6 31. b4 Kc6 32. Ke2 Bd4 33. Nf2 Ne5 34. Ne4 Nxc4 35. Bxc5 Bxc5 36. Nxc5 Nxa3 37. Nd3 g5 38. Kf2 Kb5 39. h4 h6 40. hxg5 hxg5 41. Ne5 Kxb4 42. Nf7 Nc4 43. Nxg5 1/2-1/2

[Event "RUS-chT Blitz Men 2018"]
[Site "Sochi"]
[Date "2018.10.10"]
[Round "7"]
[White "Gogolev, Artem"]
[Black "Uzhva, Andrey"]
[Result "1/2-1/2"]
[ECO "A05"]
[WhiteElo "2389"]
[BlackElo "2270"]
[Annotator "NA"]
[PlyCount "37"]
[EventDate "2018.10.10"]
[EventType "swiss"]
[EventCountry "RUS"]
[SourceTitle "playchess.com"]
[Source "ChessBase"]
[SourceQuality "1"]
[TimeControl "180+2"]

1. Nf3 Nf6 2. g3 g6 3. b3 Bg7 4. Bb2 b6 5. Bg2 Bb7 6. O-O O-O 7. c4 c5 8. Nc3 Nc6 9. e3 d5 10. Nxd5 Nxd5 11. Bxg7 Nxe3 12. dxe3 Kxg7 13. Qc2 Qc7 14. Qc3+ Kg8 15. Rad1 Rad8 16. h4 h5 17. a3 Rd7 18. Rxd7 Qxd7 19. b4 1/2-1/2

[Event "RUS-chT Blitz Men 2018"]
[Site "Sochi"]
[Date "2018.10.10"]
[Round "7"]
[White "Linker, Mikhail"]
[Black "Afanasiev, Nikita"]
[Result "0-1"]
[ECO "A40"]
[WhiteElo "2269"]
[BlackElo "2487"]
[Annotator "RC"]
[PlyCount "92"]
[EventDate "2018.10.10"]
[EventType "swiss"]
[EventCountry "RUS"]
[SourceTitle "playchess.com"]
[Source "ChessBase"]
[SourceQuality "1"]
[TimeControl "180+2"]

1. d4 Nf6 2. c4 e6 3. g3 c5 4. d5 exd5 5. cxd5 Bd6 6. Nc3 O-O 7. Bg2 a6 8. a4 Re8 9. Nf3 Bc7 10. O-O d6 11. Bf4 Nbd7 12. Re1 Ng4 13. e4 Nde5 14. Nxe5 Nxe5 15. h3 Qf6 16. Bxe5 Qxe5 17. f4 Qe7 18. Kh2 Rb8 19. e5 dxe5 20. Ne4 Bd6 21. Qh5 g6 22. Qg5 Qxg5 23. fxg5 Rd8 24. Nxd6 Rxd6 25. Rxe5 Bd7 26. a5 Kf8 27. Rc1 b6 28. axb6 Rbxb6 29. Re2 Rb5 30. Rec2 Rdb6 31. Rxc5 Rxc5 32. Rxc5 Rxb2 33. Rc7 Ke7 34. Ra7 Ra2 35. Kg1 Kd6 36. Bf1 a5 37. h4 a4 38. Bc4 Rc2 39. Ra6+ Kc5 40. Bd3 Rd2 41. Be4 Kb4 42. Ra7 Bb5 43. Rxf7 a3 44. Ra7 a2 45. d6 Ba4 46. Rb7+ Ka3 0-1

[Event "RUS-chT Blitz Men 2018"]
[Site "Sochi"]
[Date "2018.10.10"]
[Round "7"]
[White "Pervakov, Sergey"]
[Black "Apryshko, Gleb"]
[Result "0-1"]
[ECO "B06"]
[WhiteElo "2098"]
[BlackElo "2399"]
[Annotator "NA"]
[PlyCount "63"]
[EventDate "2018.10.10"]
[EventType "swiss"]
[EventCountry "RUS"]
[SourceTitle "playchess.com"]
[Source "ChessBase"]
[SourceQuality "1"]
[TimeControl "180+2"]

1. e4 g6 2. d4 Bg7 3. Nc3 d6 4. Nf3 a6 5. a4 b6 6. Be2 Nd7 7. O-O e6 8. Bg5 Ne7 9. Qd2 h6 10. Be3 Bb7 11. Rfe1 g5 12. h3 Ng6 13. Rad1 c5 14. d5 Bf8 15. dxe6 fxe6 16. Bc4 Qf6 17. a5 b5 18. Bxb5 axb5 19. Nxb5 Ra6 20. Nc7+ Kf7 21. Nxa6 Bxa6 22. b4 Bb5 23. bxc5 dxc5 24. Rb1 Bc6 25. e5 Qf5 26. a6 Be7 27. a7 Ra8 28. Ra1 Bxf3 29. Qxd7 Nxe5 30. Qd2 Bd5 31. Qc3 Nc4 32. Ra6 0-1

[Event "RUS-chT Blitz Men 2018"]
[Site "Sochi"]
[Date "2018.10.10"]
[Round "7"]
[White "Tatarintsev, Egor"]
[Black "Tsvetkov, Andrey"]
[Result "0-1"]
[ECO "B22"]
[WhiteElo "2086"]
[BlackElo "2264"]
[Annotator "NA RC"]
[PlyCount "118"]
[EventDate "2018.10.10"]
[EventType "swiss"]
[EventCountry "RUS"]
[SourceTitle "playchess.com"]
[Source "ChessBase"]
[SourceQuality "1"]
[TimeControl "180+2"]

1. e4 c5 2. c3 d5 3. exd5 Qxd5 4. Nf3 Nf6 5. Na3 Bg4 6. Be2 Nc6 7. O-O e6 8. d4 Be7 9. Nc2 O-O 10. Ne3 Qd8 11. Nxg4 Nxg4 12. h3 Nf6 13. Bb5 Qc7 14. Bxc6 Qxc6 15. Ne5 Qd5 16. Be3 Rfd8 17. Qf3 cxd4 18. Bxd4 a6 19. Rad1 Qxf3 20. Nxf3 b5 21. Rd2 Rac8 22. Rfd1 Nd5 23. Kf1 b4 24. g3 f6 25. Ke2 Kf7 26. Ne1 bxc3 27. bxc3 Rxc3 28. Nf3 Rcc8 29. Ke1 Bb4 30. Ke2 Bxd2 31. Rxd2 Nb4 32. a3 Nc6 33. Bc3 Rxd2+ 34. Nxd2 e5 35. Nc4 Ke6 36. Kd2 Nd4 37. Bxd4 Rxc4 38. Bc3 Kd5 39. Kd3 g6 40. Ba5 f5 41. h4 e4+ 42. Kd2 Ra4 43. Bb4 Kc4 44. Bd6 Kb3 45. Ke3 Rxa3 46. Bxa3 Kxa3 47. Kf4 Kb3 48. Kg5 a5 49. Kh6 a4 50. Kxh7 a3 51. Kxg6 a2 52. Kxf5 a1=Q 53. Kxe4 Kc4 54. Kf4 Kd5 55. Kg4 Ke5 56. f4+ Kf6 57. h5 Qd1+ 58. Kh4 Kf5 59. g4+ Qxg4# 0-1

[Event "RUS-chT Blitz Men 2018"]
[Site "Sochi"]
[Date "2018.10.10"]
[Round "7"]
[White "Mochalin, Faddey"]
[Black "Popov, Maksim"]
[Result "1-0"]
[ECO "A59"]
[WhiteElo "2032"]
[BlackElo "1570"]
[Annotator "NA RC"]
[PlyCount "108"]
[EventDate "2018.10.10"]
[EventType "swiss"]
[EventCountry "RUS"]
[SourceTitle "playchess.com"]
[Source "ChessBase"]
[SourceQuality "1"]
[TimeControl "180+2"]

1. d4 Nf6 2. c4 c5 3. d5 b5 4. cxb5 a6 5. bxa6 Bxa6 6. Nc3 d6 7. e4 Bxf1 8. Kxf1 g6 9. g3 Bg7 10. Kg2 O-O 11. Nf3 Nbd7 12. a4 Nb6 13. Nd2 e6 14. dxe6 fxe6 15. Nb5 d5 16. exd5 Nfxd5 17. Ne4 Nc4 18. Qc2 Ne5 19. Ra3 c4 20. Rf1 Rc8 21. a5 Nd3 22. Rxd3 cxd3 23. Qxd3 Qxa5 24. Nd4 Bxd4 25. Qxd4 Qb4 26. Qe5 Rce8 27. Bh6 Rf7 28. Nd6 Qb8 29. Nxf7 Qxe5 30. Nxe5 Rb8 31. Bc1 Kg7 32. Rd1 Rb7 33. Rd3 Kf6 34. Ng4+ Kf5 35. Ne3+ Nxe3+ 36. Rxe3 e5 37. b3 Rb4 38. Bb2 e4 39. Ba3 Rb5 40. b4 h5 41. h4 g5 42. hxg5 Rb6 43. Rb3 Kxg5 44. b5 h4 45. gxh4+ Kxh4 46. Bc5 Rb7 47. b6 Rg7+ 48. Kf1 Rb7 49. Be3 Kg4 50. Rc3 Kf3 51. Rc7 Rb8 52. b7 Rd8 53. Rf7+ Kg4 54. Bf4 e3 1-0

[Event "RUS-chT Blitz Men 2018"]
[Site "Sochi"]
[Date "2018.10.10"]
[Round "8"]
[White "Ozgibcev, Anatoly"]
[Black "Sychev, Klementy"]
[Result "0-1"]
[ECO "B22"]
[WhiteElo "2368"]
[BlackElo "2534"]
[Annotator "RC"]
[PlyCount "92"]
[EventDate "2018.10.10"]
[EventType "swiss"]
[EventCountry "RUS"]
[SourceTitle "playchess.com"]
[Source "ChessBase"]
[SourceQuality "1"]
[TimeControl "180+2"]

1. e4 c5 2. c3 d5 3. exd5 Qxd5 4. d4 Nf6 5. Nf3 e6 6. Na3 Nc6 7. Nb5 Qd8 8. dxc5 Bxc5 9. Qxd8+ Kxd8 10. Bg5 Ke7 11. Rd1 h6 12. Bh4 g5 13. Bg3 Ne4 14. Nbd4 Nxg3 15. Nxc6+ bxc6 16. hxg3 Bd7 17. Ne5 Be8 18. Be2 Rb8 19. b3 Bd6 20. Nc4 Bc7 21. O-O h5 22. Ne3 g4 23. Rfe1 Be5 24. Rd3 Rd8 25. Red1 Rxd3 26. Rxd3 f5 27. b4 Bg6 28. Nc4 Bc7 29. Rd2 h4 30. gxh4 Rxh4 31. g3 Rh8 32. Bf1 f4 33. Bg2 fxg3 34. fxg3 Bxg3 35. Bxc6 Bf4 36. Rd4 e5 37. Rd7+ Kf6 38. Nd6 Rh2 39. Ne4+ Bxe4 40. Bxe4 Rxa2 41. c4 Be3+ 42. Kf1 g3 43. Rd6+ Kg5 44. Rg6+ Kf4 45. Bd5 e4 46. Rf6+ Ke5 0-1

[Event "RUS-chT Blitz Men 2018"]
[Site "Sochi"]
[Date "2018.10.10"]
[Round "9"]
[White "Kryakvin, Dmitry"]
[Black "Iljiushenok, Ilia"]
[Result "1/2-1/2"]
[ECO "E97"]
[WhiteElo "2595"]
[BlackElo "2539"]
[Annotator "ChessBase"]
[PlyCount "45"]
[EventDate "2018.10.10"]
[EventType "swiss"]
[EventCountry "RUS"]
[SourceTitle "playchess.com"]
[Source "ChessBase"]
[SourceQuality "1"]
[TimeControl "180+2"]

1. d4 d6 2. Nf3 Nf6 3. c4 g6 4. Nc3 Bg7 5. e4 O-O 6. Be2 e5 7. O-O Nc6 8. dxe5 dxe5 9. Bg5 Qxd1 10. Rfxd1 h6 11. Be3 Bg4 12. h3 Bxf3 13. Bxf3 Rfd8 14. Nd5 Ne8 15. h4 Nd4 16. Bxd4 exd4 17. Nf4 h5 18. Nd3 c6 19. g3 Nc7 20. Bg2 Ne6 21. e5 Bf8 22. f4 Nc5 23. Rac1 1/2-1/2

[Event "RUS-chT Blitz Men 2018"]
[Site "Sochi"]
[Date "2018.10.10"]
[Round "9"]
[White "Papenin, Nikolai"]
[Black "Mochalin, Faddey"]
[Result "1-0"]
[ECO "D45"]
[WhiteElo "2334"]
[BlackElo "2032"]
[Annotator "NA"]
[PlyCount "58"]
[EventDate "2018.10.10"]
[EventType "swiss"]
[EventCountry "RUS"]
[SourceTitle "playchess.com"]
[Source "ChessBase"]
[SourceQuality "1"]
[TimeControl "180+2"]

1. d4 d5 2. Nf3 Nf6 3. c4 c6 4. Nc3 e6 5. e3 Nbd7 6. Qc2 Bd6 7. Bd3 O-O 8. O-O dxc4 9. Bxc4 b5 10. Bd3 Bb7 11. a3 Qe7 12. h3 Rfe8 13. Bd2 a5 14. Rfe1 e5 15. Ng5 h6 16. Nge4 Nxe4 17. Nxe4 Bc7 18. b4 axb4 19. axb4 f5 20. Nc3 e4 21. Bf1 Bd6 22. d5 Bxb4 23. Qb3 cxd5 24. Nxd5 Qf7 25. Qxb4 Qxd5 26. Bxb5 Qe5 27. Bc4+ Kh8 28. Bc3 Qe7 29. Qxb7 Rxa1 1-0

[Event "RUS-chT Blitz Men 2018"]
[Site "Sochi"]
[Date "2018.10.10"]
[Round "9"]
[White "Truskavetsky, Alexandr"]
[Black "Oganian, Miran"]
[Result "0-1"]
[ECO "A50"]
[WhiteElo "2307"]
[BlackElo "2435"]
[Annotator "NA"]
[PlyCount "30"]
[EventDate "2018.10.10"]
[EventType "swiss"]
[EventCountry "RUS"]
[SourceTitle "playchess.com"]
[Source "ChessBase"]
[SourceQuality "1"]
[TimeControl "180+2"]

1. d4 Nf6 2. c4 Nc6 3. Nf3 e6 4. g3 Bb4+ 5. Bd2 Qe7 6. Bg2 Bxd2+ 7. Qxd2 Ne4 8. Qc2 Qb4+ 9. Kf1 d5 10. cxd5 exd5 11. e3 Bf5 12. Qe2 O-O 13. Ne1 Rfe8 14. f3 Nxd4 15. Nc2 Nxc2 0-1

[Event "RUS-chT Blitz Men 2018"]
[Site "Sochi"]
[Date "2018.10.10"]
[Round "9"]
[White "Nuristani, Iman"]
[Black "Gogolev, Artem"]
[Result "1/2-1/2"]
[ECO "E24"]
[WhiteElo "2242"]
[BlackElo "2389"]
[Annotator "NA RC"]
[PlyCount "220"]
[EventDate "2018.10.10"]
[EventType "swiss"]
[EventCountry "RUS"]
[SourceTitle "playchess.com"]
[Source "ChessBase"]
[SourceQuality "1"]
[TimeControl "180+2"]

1. d4 Nf6 2. c4 e6 3. Nc3 Bb4 4. a3 Bxc3+ 5. bxc3 d6 6. e3 b6 7. Bd3 Bb7 8. f3 Nfd7 9. Ne2 f5 10. e4 Qh4+ 11. g3 Qf6 12. Be3 c5 13. Qd2 O-O 14. Bg5 Qf7 15. O-O Nc6 16. exf5 exf5 17. Bf4 Qf6 18. Bg5 Qf7 19. Bf4 Qf6 20. Bg5 Qf7 21. Bf4 Qf6 22. Bg5 Qf7 23. Bf4 Qf6 24. Bc2 Rfe8 25. Rae1 Na5 26. dxc5 Nxc5 27. Qxd6 Qxd6 28. Bxd6 Rad8 29. Bf4 g6 30. Nd4 Nxc4 31. Bg5 Rc8 32. a4 Kf7 33. Bb1 Kg7 34. Bc2 Bd5 35. Nb5 a6 36. Rxe8 Rxe8 37. Nc7 Re2 38. Bxf5 gxf5 39. Nxd5 Nxa4 40. Bf6+ Kf7 41. Bd4 Nc5 42. Nxb6 Nxb6 43. Bxc5 Nd5 44. Bd4 Ne3 45. Bxe3 Rxe3 46. Ra1 Rxf3 47. Rxa6 Rxc3 48. Ra7+ Kg6 49. Kg2 Rb3 50. h4 h6 51. Ra6+ Kg7 52. Ra7+ Kg6 53. Ra6+ Kg7 54. h5 Rc3 55. Rg6+ Kh7 56. Rf6 Rc5 57. Kf3 Kg7 58. Rg6+ Kh7 59. Kf4 Rb5 60. Rf6 Kg7 61. Rxf5 Rb4+ 62. Kf3 Ra4 63. Re5 Kf6 64. Rb5 Rc4 65. Rb6+ Kg5 66. Rb5+ Kf6 67. Rb6+ Kg5 68. Rb5+ Kf6 69. Rd5 Rb4 70. Ra5 Rc4 71. Ra8 Kg5 72. Ra5+ Kf6 73. Rb5 Ra4 74. Rb6+ Kg5 75. Rb5+ Kf6 76. g4 Ra3+ 77. Kf4 Ra4+ 78. Kg3 Kg7 79. Rb7+ Kg8 80. Rb6 Kg7 81. Rg6+ Kh7 82. Re6 Kg7 83. Kf3 Rb4 84. Re4 Rb5 85. Kf4 Kf6 86. Rc4 Rb6 87. Rc7 Rb4+ 88. Kg3 Rb6 89. Rh7 Ke5 90. Re7+ Kf6 91. Rh7 Ke5 92. Kh4 Ra6 93. Rg7 Rc6 94. Re7+ Kf6 95. Rh7 Ke5 96. Rh8 Rb6 97. Rh7 Ra6 98. Rf7 Rb6 99. Rf5+ Ke6 100. Ra5 Kf6 101. Ra7 Rc6 102. Rh7 Ke5 103. Rg7 Rb6 104. Rg6 Rxg6 105. hxg6 Kf6 106. Kh5 Kg7 107. g5 hxg5 108. Kxg5 Kg8 109. Kh6 Kh8 110. g7+ Kg8 1/2-1/2

[Event "RUS-chT Blitz Men 2018"]
[Site "Sochi"]
[Date "2018.10.10"]
[Round "9"]
[White "Kretov, Evgenij"]
[Black "Klimentov, Evgeny"]
[Result "1-0"]
[ECO "A10"]
[WhiteElo "2219"]
[BlackElo "2135"]
[Annotator "NA"]
[PlyCount "76"]
[EventDate "2018.10.10"]
[EventType "swiss"]
[EventCountry "RUS"]
[SourceTitle "playchess.com"]
[Source "ChessBase"]
[SourceQuality "1"]
[TimeControl "180+2"]

1. c4 d6 2. Nc3 g6 3. g3 Bg7 4. Bg2 Nd7 5. Nf3 e5 6. O-O Ne7 7. Rb1 O-O 8. b4 f5 9. d4 exd4 10. Nxd4 Ne5 11. Qb3 c5 12. Nf3 Nxf3+ 13. Bxf3 Nc6 14. bxc5 dxc5 15. e3 Na5 16. Qc2 Be6 17. Nd5 b6 18. Rd1 Rb8 19. Nf4 Bd7 20. Bd2 Qe8 21. Bxa5 Ba4 22. Qd2 Bxd1 23. Bd5+ Kh8 24. Rxd1 bxa5 25. Qxa5 Qe7 26. h4 Be5 27. Ne6 Rfe8 28. Qxc5 Qf6 29. Ng5 Kg7 30. Qxa7+ Re7 31. Qa4 Rb2 32. Rf1 Bxg3 33. fxg3 Qe5 34. Rf3 Qc3 35. Qd1 Rxe3 36. Ne6+ Kh6 37. Nf4 Rxf3 38. Bxf3 Qe3+ 1-0

[Event "RUS-chT Blitz Men 2018"]
[Site "Sochi"]
[Date "2018.10.10"]
[Round "9"]
[White "Dudin, Gleb"]
[Black "Derjabin, Ilja"]
[Result "1-0"]
[ECO "A53"]
[WhiteElo "2178"]
[BlackElo "2345"]
[Annotator "NA"]
[PlyCount "79"]
[EventDate "2018.10.10"]
[EventType "swiss"]
[EventCountry "RUS"]
[SourceTitle "playchess.com"]
[Source "ChessBase"]
[SourceQuality "1"]
[TimeControl "180+2"]

1. d4 Nf6 2. c4 d6 3. Nc3 Bf5 4. Nf3 Nbd7 5. e3 e5 6. Be2 h6 7. O-O Be7 8. b4 O-O 9. Bb2 Re8 10. Qb3 e4 11. Nd2 Nf8 12. Rfc1 Ng6 13. Qd1 Qd7 14. h3 Bf8 15. Bf1 Nh4 16. Nb3 g5 17. d5 g4 18. hxg4 Bxg4 19. Ne2 Nh5 20. Qe1 Bf3 21. Ng3 Qg4 22. Nd2 Bg7 23. Bxg7 Kxg7 24. gxf3 exf3 25. Kh2 Re5 26. Bh3 Qg5 27. Qg1 Kh8 28. Nxh5 Qxh5 29. Qg4 Rg8 30. Qxh5 Rxh5 31. Rg1 Ng6 32. Nxf3 Re8 33. Rg3 Re4 34. Nd2 Reh4 35. Kg2 f5 36. f4 Ne7 37. Nf3 Ng6 38. Nxh4 Nxh4+ 39. Kf2 Ng6 40. Rxg6 1-0